 Dungeon Crawl Stone Soup version 0.32-a0-376-g7f4458d (webtiles) character file.

Game seed: 15137048476848070272

16 Nithhogg the Covered (level 2, 0/26 HPs)
             Began as a Mountain Dwarf Fighter on Feb 18, 2024.
             Succumbed to a kobold's poison
             ... on level 1 of the Dungeon.
             The game lasted 00:00:53 (189 turns).

Nithhogg the Covered (Mountain Dwarf Fighter)        Turns: 189, Time: 00:00:53

Health: 0/26       AC:  6    Str: 18    XL:     2   Next: 41%
Magic:  2/2        EV:  9    Int:  8    God:
Gold:   43         SH:  0    Dex:  9    Spells: 1/1 levels left

rFire   . . .        a - +0 war axe
rCold   . . .        (no shield)
rNeg    . . .        b - +0 scale mail
rPois   .            (no helmet)
rElec   .            (no cloak)
rCorr   .            (no gloves)
SInv    .            (no boots)
Will    .....        (no amulet) Stlth
                     (no ring)
HPRegen 0.24/turn    (no ring)
MPRegen 0.08/turn

%: no passive effects
@: mighty, lethally poisoned (0 -> -14)
A: runic magic, artefact enchanting
a: no special abilities


You were on level 1 of the Dungeon.
You visited 1 branch of the dungeon, and saw 1 of its levels.

You collected 43 gold pieces.

Inventory:

Hand Weapons
 a - a +0 war axe (weapon)
Armour
 b - a +0 scale mail (worn)
 c - a +0 buckler
Scrolls
 e - 2 scrolls of identify {unknown}


   Skills:
 + Level 3.5 Fighting
 + Level 2.9 Axes
 + Level 3.5 Armour
 - Level 3.2 Shields
 + Level 1.1 Invocations


You had one spell level left.
You didn't know any spells.
Your spell library was empty.

Dungeon Overview and Level Annotations

Branches:
Dungeon (1/15)

Altars:


Innate Abilities, Weirdness & Mutations

Your spellcasting is much less encumbered by armour.
You can use scrolls of enchantment on lesser artefacts.


Message History

You barely miss the bat. The bat barely misses you.
You hit the bat but do no damage. The bat hits you but does no damage.
A kobold comes into view. It is wielding a +1 dagger of venom.
The bat barely misses you.
You closely miss the bat.
The kobold shouts!
You hear an angry hiss.
The bat hits you but does no damage. The bat hits you.
An endoplasm comes into view.
The endoplasm quivers.
The gnoll hits you with a +0 whip. The bat barely misses you.
You barely miss the gnoll. You hit the bat but do no damage.
The bat barely misses you. The gnoll hits you with a +0 whip.
The bat completely misses you.
You closely miss the gnoll. You closely miss the bat. The bat hits you.
The gnoll hits you with a +0 whip.
The kobold hits you with a +1 dagger of venom.
You are poisoned.
The gnoll hits you with a +0 whip.
You are too injured to fight recklessly!
You are too injured to fight recklessly!
You are too injured to fight recklessly!
You are too injured to fight recklessly!
You are too injured to fight recklessly!
You are too injured to fight recklessly!
You are too injured to fight recklessly!
You are too injured to fight recklessly!
You are too injured to fight recklessly!
You are too injured to fight recklessly!
There are monsters nearby!
You feel very sick. The bat barely misses you.
You feel very mighty all of a sudden.
* * * LOW HITPOINT WARNING * * *
You feel sick. The bat barely misses you.
The kobold hits you with a +1 dagger of venom.
* * * LOW HITPOINT WARNING * * *
You are more poisoned.
The gnoll closely misses you.
You closely miss the gnoll. You barely miss the kobold.
You die...

#...### ## #...#
#...##########
#............#
#............#
###.#.........#
.......b......#
...............#
.........@......+
#####.#..Kg.....#
#.###J....### #.
#.....# ......#
..##.## ...# .#
...# [# ### #...#
...


You could see a gnoll, an endoplasm, a bat and a kobold.

Vanquished Creatures
  3 bats (D:1)
  2 goblins (D:1)
  A hobgoblin (D:1)
  A quokka (D:1)
  A ball python (D:1)
  A rat (D:1)
9 creatures vanquished.

Notes
Turn   | Place    | Note
-------+----------+-------------------------------------------
     0 | D:1      | Nithhogg the Mountain Dwarf Fighter began the quest for the
                  | Orb.
     0 | D:1      | Reached XP level 1. HP: 19/19 MP: 1/1
    95 | D:1      | Reached skill level 1 in Invocations
    95 | D:1      | Reached XP level 2. HP: 26/26 MP: 2/2
   189 | D:1      | Succumbed to a kobold's poison

Illustrated notes

Levels and vault maps discovered:
D:1:      scummos_arrival_forest, layout_basic, minmay_worlds_worst_comb

Skill      XL: |  1 |
---------------+----+-----
Invocations    | 1 |  1.1
Fighting       | |  3.5
Axes           | |  2.9
Armour         | |  3.5
Shields        | |  3.2

Action                     || total
---------------------------++-------
  Melee: War axe           ||    34
    Use: Potion            ||     1
 Armour: Scale mail        ||    45
  Dodge: Dodged            ||    26

Table legend: (Time is in decaauts)
 A = Elapsed time spent in this place.
 B = Non-inter-level travel time spent in this place.
 C = Inter-level travel time spent in this place.
 D = Time resting spent in this place.
 E = Time spent auto-exploring this place.
 F = Levels seen in this place.
 G = Mean time per level.
                   A        B        C        D        E       F      G
               +--------+--------+--------+--------+--------+-----+--------+
         Total |    201 |    201 |      0 |      0 |    117 |   1 |  201.0 |
       Dungeon |    201 |    201 |      0 |      0 |    117 |   1 |  201.0 |
               +--------+--------+--------+--------+--------+-----+--------+

Top non-repeatable levels by time:
     D:1: 201 daAuts
